 Dungeon Crawl Stone Soup version 0.19.0-11-g3fc08b3 (webtiles) character file.

33 Malachi the Grave Robber (level 3, -1/24 HPs)
             Began as a Demonspawn Necromancer on Nov 9, 2016.
             Slain by a hobgoblin
             ... wielding a +0 club
              (6 damage)
             ... on level 1 of the Dungeon.
             The game lasted 00:02:02 (1280 turns).

Malachi the Grave Robber (Demonspawn Necromancer)   Turns: 1280, Time: 00:02:02

Health: -1/24      AC:  3    Str:  8    XL:     3   Next: 12%
Magic:  1/6        EV: 12    Int: 17    God:
Gold:   52         SH:  4    Dex: 13    Spells: 2 memorised, 4 levels left

rFire  . . .     SeeInvis .     (no weapon)
rCold  . . .     Gourm    .     a - +0 robe
rNeg   . . .     Faith    .     (no shield)
rPois  .         Spirit   .     (helmet restricted)
rElec  .         Reflect  .     g - +0 cloak (curse)
rCorr  .         Harm     .     (no gloves)
MR     .....                    (no boots)
Stlth  ++........               (no amulet)
                                (no ring)
                                l - ring of flight

@: no status effects
A: horns 1, large bone plates 1
a: Evoke Flight


You were on level 1 of the Dungeon.
You were not hungry.

You visited 1 branch of the dungeon, and saw 2 of its levels.

You collected 52 gold pieces.

Inventory:

Armour
 a - a +0 robe (worn)
 g - a cursed +0 cloak (worn)
Jewellery
 l - a ring of flight (left hand)
Scrolls
 e - a scroll of magic mapping {unknown}
 h - 2 scrolls of teleportation {unknown}
 j - a scroll of amnesia {unknown}
 k - 2 scrolls of remove curse {unknown}
Potions
 i - a potion of flight {unknown}
Books
 b - a book of Necromancy

   Spells                             Type                      Level
   a - Pain                           Necromancy                   1
   b - Animate Skeleton               Necromancy                   1
   c - Vampiric Draining              Necromancy                   3
   d - Regeneration                   Charms/Necromancy            3
   e - Animate Dead                   Necromancy                   4
   f - Control Undead                 Necromancy                   4
Comestibles
 c - a bread ration
 d - 2 fruits
 f - a meat ration
 m - a chunk of flesh


   Skills:
 + Level 1.9 Dodging
 + Level 2.0 Stealth
 + Level 2.3 Spellcasting
 + Level 5.1 Necromancy


You had 4 spell levels left.
You knew the following spells:

 Your Spells              Type           Power        Failure   Level  Hunger
a - Pain                  Necr           ###.         2%          1    #......
b - Animate Skeleton      Necr           N/A          2%          1    #......


Dungeon Overview and Level Annotations

Branches:
Dungeon (2/15)

Altars:


Innate Abilities, Weirdness & Mutations

You have a pair of small horns on your head.
You are partially covered in large bone plates. (SH +4)


Message History

The hobgoblin hits your adder skeleton with a club.
The worm barely misses your adder skeleton.
Your adder skeleton closely misses the hobgoblin.
Your adder skeleton bites the hobgoblin.
The hobgoblin closely misses you. The worm bites your adder skeleton.
Your adder skeleton is destroyed!
Casting: Pain
Confirm with . or Enter, or press ? or * to list all spells.
Aiming: Pain
Press: ? - help, Shift-Dir - straight line, f/p - worm
Aim: a worm (heavily wounded, hasn't noticed you, chance to defeat MR: 84%)
The worm writhes in agony!
The hobgoblin hits you with a club.
There is a stone staircase leading up here.
The hobgoblin hits you with a club.
* * * LOW HITPOINT WARNING * * *
You climb upwards.
There is a stone staircase leading down here.
Unknown command.
The hobgoblin hits you with a club.
You die...

#.P...P..##............
##.....#............#..
##...........#..#.....
#.####.##.....#####.#
##.##..........##....#
#..##.......[..##.####
###.###..........#..#
#...##g............##
##.##.)>@..........##
#..#..##############
#....## ######


You could see a hobgoblin.

Vanquished Creatures
  A gnoll (D:1)
  An adder (D:2)
  A dart slug (D:1)
  2 goblins (D:1)
  A hobgoblin (D:1)
  A bat (D:1)
  2 frilled lizards (D:1)
  3 kobolds
  A rat (D:1)
13 creatures vanquished.

Vanquished Creatures (collateral kills)
  A hobgoblin (D:1)
  A bat (D:1)
2 creatures vanquished.

Grand Total: 15 creatures vanquished

Notes
Turn   | Place    | Note
-------+----------+-------------------------------------------
     0 | D:1      | Malachi the Demonspawn Necromancer began the quest for the Orb.
     0 | D:1      | Reached XP level 1. HP: 13/13 MP: 3/3
     2 | D:1      | Learned a level 1 spell: Animate Skeleton
   350 | D:1      | Gained mutation: You have a pair of small horns on your head. [demonic ancestry]
   350 | D:1      | Reached XP level 2. HP: 13/19 MP: 0/5
  1023 | D:1      | Reached skill level 5 in Necromancy
  1192 | D:2      | Gained mutation: You are partially covered in large bone plates. (SH +4) [demonic ancestry]
  1192 | D:2      | Reached XP level 3. HP: 23/24 MP: 3/6
  1280 | D:1      | Slain by a hobgoblin

Skill      XL: |  1  2 |
---------------+-------+-----
Necromancy     | 5 |  5.1
Stealth        | 2 |  2.0
Dodging        | |  1.9
Spellcasting   | |  2.3

Action                   || total
-------------------------++-------
Melee: Unarmed           ||    14
 Cast: Pain              ||    36
       Animate Skeleton  ||     8
  Eat: Chunk             ||     2
Armor: Robe              ||     5
Dodge: Dodged            ||    21
Block: Other             ||     1
